 Dungeon Crawl Stone Soup version 0.30-a0-476-g330ca2eb8e (webtiles) character file.

Game seed: 13685105624349571588

133774 holysushi the Warrior (level 17, -3/178 HPs)
             Began as an Ogre Chaos Knight on Dec 21, 2022.
             Was a Plaything of Xom.
             Slain by a salamander mystic
             ... wielding a +0 quarterstaff of speed
              (12 damage)
             ... on level 2 of the Snake Pit.
             The game lasted 01:06:36 (43514 turns).

holysushi the Warrior (Ogre Chaos Knight)          Turns: 43514, Time: 01:06:37

Health: -3/178     AC:  8    Str: 20    XL:     17   Next: 15%
Magic:  17/17      EV: 20    Int: 13    God:    Xom [.*....]
Gold:   790        SH:  5    Dex: 22    Spells: 16/16 levels left

rFire   . . .      SeeInvis .    w - +5 giant club (venom)
rCold   + . .      Faith    .    (shield currently unavailable)
rNeg    . . .      Spirit   .    b - +2 robe
rPois   .          Reflect  +    V - +1 hat
rElec   .          Harm     .    k - +0 cloak "Syfatil" {rC+}
rCorr   .          Rampage  .    (gloves unavailable)
Will    +....                    (boots unavailable)
Stlth   +++++.....               o - amulet of reflection
HPRegen 0.49/turn                Z - +6 ring of dexterity
MPRegen 0.15/turn                z - ring of poison resistance

@: poison vulnerable, studying Short Blades
A: large, unfitting armour, tough skin 1, fangs 1, horns 2, talons 1, iridescent
scales 1, thin skeletal structure 1, deformed body, frail 1
a: Renounce Religion


You were on level 2 of the Snake Pit.
You worshipped Xom.
You were a plaything of Xom.
You visited 4 branches of the dungeon, and saw 24 of its levels.
You visited 1 bazaar.

You collected 4598 gold pieces.
You spent 3808 gold pieces at shops.

Inventory:

Hand Weapons
 w - a +5 giant club of venom (weapon)
Missiles
 f - 2 atropa-tipped darts
 C - a throwing net
 K - 24 large rocks (quivered)
Armour
 b - a +2 robe (worn)
 k - the +0 cloak "Syfatil" (worn) {rC+}
   (You bought it in a shop in a bazaar)

   rC:        It protects you from cold.
 V - a +1 hat (worn)
Jewellery
 d - a ring of protection from fire
 o - an amulet of reflection (around neck)
 u - a ring of see invisible
 z - a ring of poison resistance (right hand)
 O - a +6 ring of strength
 Q - a +6 ring of dexterity
 Z - a +6 ring of dexterity (left hand)
Wands
 g - a wand of digging (9)
 r - a wand of polymorph (13)
 s - a wand of iceblast (21)
 E - a wand of flame (18)
 T - a wand of quicksilver (12)
Scrolls
 a - a scroll of fog
 e - a scroll of torment
 n - 6 scrolls of poison
 q - 5 scrolls of teleportation
 t - 5 scrolls of magic mapping
 x - 3 scrolls of vulnerability
 y - 12 scrolls of identify
 I - 6 scrolls of enchant armour
 J - 3 scrolls of noise
 P - 2 scrolls of silence
 W - a scroll of amnesia
Potions
 i - 2 potions of cancellation
 j - 9 potions of curing
 l - a potion of heal wounds
 v - 3 potions of attraction
 A - 4 potions of haste
 B - 4 potions of brilliance
 F - a potion of magic
 G - 4 potions of might
 L - 5 potions of flight
 N - 2 potions of lignification
 R - 3 potions of mutation
 S - 2 potions of resistance
 U - 2 potions of ambrosia
Miscellaneous
 c - a piece from Xom's chessboard (15/15)
 m - a lightning rod (4/4)
 p - a phial of floods
 Y - a phantom mirror


   Skills:
 + Level 19.4 Fighting
 - Level 18.1 Maces & Flails
 + Level 7.7 Throwing
 + Level 13.5 Dodging
 - Level 6.0 Stealth
 - Level 3.6 Evocations


You had 16 spell levels left.
You didn't know any spells.
Your spell library contained the following spells:

 Spells                   Type           Power      Damage    Failure   Level
 Summon Small Mammal      Summ           0%         N/A       30%         1
 Cigotuvi's Dreadful Rot  Necr/Pois/Air  0%         N/A       43%         2
 Ensorcelled Hibernation  Hex/Ice        0%         N/A       43%         2
 Momentum Strike          Conj/Tloc      0%         3d8       43%         2
 Poisonous Vapours        Pois/Air       0%         N/A       43%         2
 Call Canine Familiar     Summ           0%         N/A       67%         3
 Ignite Poison            Fire/Tmut/Pois 0%         N/A       67%         3
 Kindle Blastsparks       Fire/Tloc/Air  0%         2d10      67%         3
 Mephitic Cloud           Conj/Pois/Air  0%         N/A       67%         3
 Ozocubu's Armour         Ice            0%         N/A       67%         3
 Summon Guardian Golem    Hex/Summ       0%         N/A       67%         3
 Airstrike                Air            0%         2d(0-16)  97%         4
 Olgreb's Toxic Radiance  Pois           0%         N/A       97%         4
 Petrify                  Tmut/Erth      0%         N/A       97%         4
 Summon Lightning Spire   Summ/Air       0%         N/A       97%         4
 Arcjolt                  Conj/Air       0%         1d10      100%        5
 Freezing Cloud           Conj/Ice/Air   0%         6-21      100%        5
 Metabolic Englaciation   Hex/Ice        0%         N/A       100%        5
 Summon Forest            Summ/Tloc      0%         N/A       100%        5
 Conjure Ball Lightning   Conj/Air       0%         3x3d6     100%        6
 Simulacrum               Ice/Necr       0%         N/A       100%        6
 Statue Form              Tmut/Erth      0%         N/A       100%        6
 Ozocubu's Refrigeration  Ice            0%         4d7       100%        7
 Ignition                 Fire           0%         3d3       100%        8


Dungeon Overview and Level Annotations

Branches:
Dungeon (15/15) Zot: 24612  Temple (0/1) D:5            Lair (5/5) D:8 Zot: 20824
 Shoals (0/4) Lair:2        Snake (2/4) Lair:3 Zot: 9551   Slime (0/5) Lair:5
    Orc (2/2) D:12 Zot: 9097     Elf (0/3) Orc:2        Vaults (0/5) D:14
 Depths (0/4) D:15

Altars:
Cheibriados
Fedhas
Gozag
Kikubaaqudgha
Nemelex Xobeh
Ru
Sif Muna
Trog
Vehumet
Wu Jian
Xom
Zin
The Shining One
Jiyva

Shops:
D:2 ?   D:13 (   Orc:1 :*   Orc:2 ==(==   Snake:1 *

Annotations:
D:6 1 runed translucent door, Crazy Yiuf
D:8 2 runed translucent doors, cforsyth's ghost, novice TrFi
D:10 1 runed translucent door, DeathPants's ghost, journeyman VSEn
Snake:2 Aizul


Innate Abilities, Weirdness & Mutations

You are too large for most types of armour.
You have tough skin. (AC +1)
You have very sharp teeth.
You have a pair of horns on your head.
You have sharp toenails.
You are partially covered in iridescent scales. (AC +2)
You have a somewhat thin skeletal structure. (Dex +2, Stealth+)
Armour fits poorly on your strangely shaped body.
You are frail. (-10% HP)


Message History

You feel better.
The naga ritualist utters an invocation to its god.
The naga ritualist begins to radiate toxic energy.
* * * LOW HITPOINT WARNING * * *
You are poisoned.
You feel much better.
You feel sick.
* * * LOW HITPOINT WARNING * * *
You are more poisoned.
Aizul coils herself and waves her upper body at you.
The bolt of poison hits you!!
You are more poisoned.
* * * LOW HITPOINT WARNING * * *
* * * LOW HITPOINT WARNING * * *
You feel very sick.
You feel better.
Aizul coils herself and waves her upper body at you.
The poison arrow misses you.
Aizul coils herself and waves her upper body at you.
The bolt of poison misses you.
As you read the scroll of teleportation, it crumbles to dust.
You feel strangely unstable.
You feel much better.
Aizul says, "I wasn't actually sleeping!"
You block Aizul's attack.
Your surroundings suddenly seem different.
Found a stone staircase leading up.
Xom thinks this is hilarious!
The naga warrior shouts!
The salamander mystic gestures at you while chanting.
The bolt of magma hits you!!
* * * LOW HITPOINT WARNING * * *
You hear a shout!
You hear an angry hiss.
You hear a shout!
The naga warrior roars a battlecry!
There is an escape hatch in the ceiling, spattered with blood here.
The salamander mystic hits you with a +0 quarterstaff of speed!
* * * LOW HITPOINT WARNING * * *
You are engulfed in flames!
You die...
Xom laughs nastily!

## .# ### #.### ..
#.####...#### ..
#............. ..
###.##.#.###.. ..
#....#.#....#
#............
###..@..###.. #.
##.N..###..## . #
#........... #.##
N..............
....
#......#...##...
.... ......S#....#
.. ....
#..................
##.#
#........##N..#...
#..
#.............<....
#####


You could see a naga warrior, a salamander mystic and a black mamba.

Vanquished Creatures
  Rupert (D:14)
  Gastronok (Lair:1)
  Agnes (Snake:1)
  A nagaraja (Snake:2)
  An orc warlord (Orc:2)
  Nessos (Lair:4)
  An ettin (Lair:5)
  A rakshasa (D:15)
  4 death knights (D:14)
  4 hydras
  An ogre mage (D:15)
  Erica (Lair:1)
  5 anacondas
  5 boulder beetles
  A catoblepas (Lair:5)
  2 naga warriors (Snake:2)
  5 centaur warriors
  A tengu warrior (D:14)
  2 alligators (D:15)
  5 death yaks (Lair:2)
  12 two-headed ogres
  2 naga sharpshooters (Snake:1)
  Urug (Orc:1)
  An orc high priest (Orc:2)
  2 shock serpents (Snake:2)
  A sun demon (D:15)
  A deep elf knight (Orc:2)
  Amaemon (Lair:2)
  2 salamander mystics (Snake:2)
  7 skeletal warriors
  A glowing orange brain (D:15)
  A deep elf pyromancer (Orc:2)
  Pikel (D:7)
  8 orc knights
  An oklob plant (Lair:1)
  21 ugly things
  2 deep elf zephyrmancers (Orc:2)
  4 mana vipers
  12 slime creatures
  3 manticores
  A wolf spider (D:15)
  5 cyclopes
  A salamander (shapeshifter) (Lair:1)
  5 salamanders (Snake:2)
  16 black mambas
  35 elephants
  4 naga magi
  A black mamba (shapeshifter) (D:4)
  A guardian serpent (Snake:2)
  An apocalypse crab (D:15)
  A gargoyle (D:14)
  15 cane toads
  An orange demon (Lair:2)
  Maggie (D:6)
  An unseen horror (D:10)
  Psyche (D:12)
  2 rime drakes
  A freezing wraith (D:12)
  An ice devil (D:15)
  A tormentor (D:14)
  A yaktaur (shapeshifter) (D:15)
  A komodo dragon (D:10)
  4 polar bears
  4 trolls
  Prince Ribbit (D:6)
  6 hornets
  15 blink frogs
  A raiju (Lair:1)
  6 dream sheep (Lair:5)
  14 spriggans (Lair:5)
  A centaur simulacrum (D:14)
  A snapping turtle (Lair:2)
  A shadow (D:11)
  4 wraiths
  2 vampires (D:11)
  A spriggan (shapeshifter) (D:1)
  A fire bat (Lair:2)
  16 humans
  5 vampire mosquitoes
  3 wyverns
  34 yaks
  A basilisk (Lair:1)
  2 steam dragons
  7 wargs
  12 nagas
  An acid dragon (D:12)
  12 water moccasins
  3 sky beasts
  A black bear (shapeshifter) (D:13)
  34 orc warriors
  4 black bears
  9 ogres
  24 wolves
  9 centaurs
  3 boggarts (Lair:5)
  2 phantoms
  A kobold brigand (D:8)
  9 bullfrogs
  3 necrophages
  A gnoll sergeant (D:7)
  5 wights (D:8)
  6 killer bees
  9 howler monkeys
  4 crimson imps (D:15)
  23 orc priests
  4 hounds
  2 gnoll boudas (D:7)
  An iron imp (D:8)
  7 iguanas
  20 orc wizards
  14 gnolls
  8 adders
  6 white imps
  5 ufetubi
  5 worms
  3 dart slugs
  114 orcs
  4 bats
  13 endoplasms
  5 giant cockroaches
  11 goblins
  6 hobgoblins
  7 jackals
  7 quokkas
  7 ball pythons
  A frilled lizard (D:2)
  5 kobolds
  7 rats
792 creatures vanquished.

Vanquished Creatures (collateral kills)
  An orc warlord (Orc:2)
  A two-headed ogre (D:15)
  A deep elf zephyrmancer (Orc:2)
  2 ugly things (D:14)
  An orc sorcerer (Orc:2)
  A hornet (D:7)
  A troll (Orc:2)
  2 yaks (D:10)
  Menkaure (D:5)
  4 orc warriors (Orc:2)
  A black bear (Lair:5)
  An ogre (Orc:2)
  A scorpion (D:5)
  5 killer bees (D:10)
  A howler monkey (D:10)
  A gnoll bouda (Orc:2)
  Ijyb (D:4)
  An orc wizard (D:10)
  An adder (D:5)
  An orc (D:10)
  A goblin (D:4)
30 creatures vanquished.

Vanquished Creatures (others)
  A dancing weapon (Lair:5)
  A dream sheep (Lair:5)
  2 centaurs (D:15)
  A goblin zombie (D:4)
  A hobgoblin zombie (D:3)
  27 fungi
  45 plants
78 creatures vanquished.

Grand Total: 900 creatures vanquished

Notes
Turn   | Place    | Note
-------+----------+-------------------------------------------
     0 | D:1      | holysushi the Ogre Chaos Knight began the quest for the
                  | Orb.
     0 | D:1      | Reached XP level 1. HP: 24/24 MP: 1/1
    12 | D:1      | XOM: potion effect (invisibility)
   108 | D:1      | Reached XP level 2. HP: 30/32 MP: 2/2
   176 | D:1      | XOM: silly message
   276 | D:1      | Found a faded altar of an unknown god.
   526 | D:1      | a frilled lizard changed into a shapeshifter
   526 | D:1      | Noticed a shapeshifter (shapeshifter)
   526 | D:1      | XOM: polymorph frilled lizard -> shapeshifter
   526 | D:1      | a shapeshifter changed into a spriggan
   526 | D:1      | Noticed a spriggan (shapeshifter)
   531 | D:1      | Killed a spriggan
   532 | D:1      | Reached skill level 5 in Fighting
   532 | D:1      | Reached XP level 3. HP: 19/42 MP: 3/3
   532 | D:1      | Reached XP level 4. HP: 23/50 MP: 4/4
   532 | D:1      | Reached XP level 5. HP: 26/57 MP: 5/5
   981 | D:2      | XOM: smoke on damage
  1118 | D:2      | XOM: 2-stop teleportation journey
  1146 | D:2      | Found Ubbesaul's Magic Scroll Shop.
  1165 | D:2      | Reached skill level 5 in Maces & Flails
  1494 | D:2      | XOM: 2-stop teleportation journey
  1644 | D:2      | Reached XP level 6. HP: 62/67 MP: 6/6
  1830 | D:2      | Bought a scroll of blinking for 97 gold pieces
  1865 | D:3      | Found a shimmering altar of Xom.
  1878 | D:3      | Reached skill level 6 in Fighting
  2112 | D:3      | XOM: cast spell 'Chain of Chaos'
  2140 | D:3      | XOM: noise
  2319 | D:3      | XOM: 3-stop teleportation journey
  2333 | D:3      | XOM: silly message
  2449 | D:3      | XOM: silly message
  2762 | D:3      | XOM: give mutations
  2762 | D:3      | Gained mutation: You are frail. (-10% HP) [Xom's mischief]
  2762 | D:3      | Gained mutation: You are dopey. (Int -2) [Xom's mischief]
  3135 | D:3      | XOM: god gift: lightning rod (4/4)
  3372 | D:4      | XOM: divination: detect creatures
  3381 | D:4      | Reached XP level 7. HP: 63/68 MP: 7/7
  3393 | D:4      | XOM: 1-stop teleportation journey
  3734 | D:4      | Found a snail-covered altar of Cheibriados.
  3790 | D:4      | Reached skill level 7 in Fighting
  4463 | D:4      | XOM: silly message
  4481 | D:4      | Found a shimmering blue altar of Sif Muna.
  4566 | D:4      | XOM: silly message
  4601 | D:4      | Noticed Ijyb
  4602 | D:4      | XOM: cast spell 'Summon Ice Beast'
  4608 | D:4      | Killed Ijyb
  4788 | D:4      | XOM: divination: detect creatures
  4934 | D:5      | Entered Level 5 of the Dungeon
  5060 | D:2      | Bought a scroll of magic mapping for 97 gold pieces
  5262 | D:5      | Reached XP level 8. HP: 75/78 MP: 8/8
  5370 | D:5      | XOM: chaos upgrade
  5370 | D:5      | XOM: smoke on damage
  5414 | D:4      | XOM: give mutation
  5414 | D:4      | Gained mutation: You occasionally shout uncontrollably at
                  | your foes. [Xom's mischief]
  5840 | D:5      | XOM: noise
  5853 | D:5      | XOM: confuse monster(s)
  5891 | D:5      | XOM: scenery: summon butterflies
  5905 | D:5      | XOM: 2-stop teleportation journey
  5979 | D:5      | XOM: god gift: helmet {god gift}
  5991 | D:5      | Reached skill level 8 in Fighting
  6129 | D:5      | XOM: cast spell 'Summon Hydra'
  6191 | D:5      | XOM: enchant monster (bad)
  6308 | D:5      | Found an opulent altar of Gozag.
  6475 | D:5      | Noticed Menkaure
  6477 | D:5      | XOM: summons 8 friendly demons
  6483 | D:5      | XOM: butterfly on damage
  6497 | D:5      | Killed Menkaure
  6520 | D:5      | XOM: god gift: scroll labelled KOESEI XYHO {god gift}
  6748 | D:5      | Found a staircase to the Ecumenical Temple.
  6809 | D:6      | Noticed Prince Ribbit
  6815 | D:6      | XOM: confuse monster(s)
  6822 | D:6      | Reached XP level 9. HP: 79/87 MP: 9/9
  6946 | D:6      | Killed Prince Ribbit
  6947 | D:6      | Reached skill level 9 in Fighting
  7094 | D:5      | XOM: blink monster(s)
  7098 | D:5      | XOM: polymorph ogre -> shapeshifter
  7098 | D:5      | a shapeshifter changed into a meliai
  7098 | D:5      | Noticed a meliai (shapeshifter)
  7129 | D:3      | XOM: summons 1 hostile demon
  7161 | D:3      | XOM: scenery: summon butterflies
  7267 | D:4      | a meliai changed into a black mamba
  7267 | D:4      | Noticed a black mamba (shapeshifter)
  7269 | D:4      | Killed a black mamba
  7270 | D:4      | Reached skill level 5 in Dodging
  7522 | D:6      | Noticed Maggie
  7529 | D:6      | XOM: summons 3 friendly demons
  7557 | D:6      | Killed Maggie
  7559 | D:6      | XOM: give mutations
  7559 | D:6      | Gained mutation: You are vulnerable to cold. (rC-) [Xom's
                  | mischief]
  7559 | D:6      | Gained mutation: You have large cloven feet. [Xom's
                  | mischief]
  7559 | D:6      | Gained mutation: You possess an exceptional clarity of
                  | mind. [Xom's mischief]
  7559 | D:6      | Gained mutation: You are weak. (Str -2) [Xom's mischief]
  7655 | D:6      | Found a runed translucent door.
  7656 | D:6      | Noticed Crazy Yiuf
  7686 | D:6      | XOM: silly message
  8210 | D:6      | Reached skill level 10 in Fighting
  8387 | D:6      | You fall into a shaft and drop 2 floors!
  8399 | D:8      | Noticed a hornet
  8405 | D:8      | a hornet changed into a rime drake
  8405 | D:8      | Noticed a rime drake
  8408 | D:8      | Killed a rime drake
  8409 | D:8      | Reached XP level 10. HP: 75/99 MP: 10/10
  8610 | D:8      | XOM: summons 1 hostile demon
  8621 | D:8      | Found a staircase to the Lair.
  8644 | D:8      | Reached skill level 10 in Maces & Flails
  8654 | D:8      | XOM: 3-stop teleportation journey
  8782 | D:8      | XOM: summons 5 hostile demons
  8848 | D:8      | XOM: polymorph shadow imp -> iron imp
  8849 | D:8      | XOM: noise
  8913 | D:8      | XOM: god gift: 4 silver boomerangs
  9058 | D:8      | XOM: 1-stop teleportation journey
  9608 | D:6      | Found a radiant altar of Vehumet.
  9748 | D:7      | Found a blossoming altar of Fedhas.
  9806 | D:7      | Paralysed by a hornet for 3 turns
 10146 | D:7      | XOM: 1-stop teleportation journey
 10584 | D:7      | XOM: fog
 10586 | D:7      | XOM: give mutations
 10586 | D:7      | Gained mutation: You have a somewhat thin skeletal
                  | structure. (Dex +2, Stealth+) [Xom's grace]
 10586 | D:7      | Lost mutation: You have large cloven feet. [Xom's grace]
 10586 | D:7      | Gained mutation: You have sharp toenails. [Xom's grace]
 10586 | D:7      | Lost mutation: You are vulnerable to cold. (rC-) [Xom's
                  | grace]
 10586 | D:7      | Gained mutation: Your flesh is cold resistant. (rC+) [Xom's
                  | grace]
 10593 | D:7      | Noticed Pikel
 10608 | D:7      | Killed Pikel
 10613 | D:7      | Reached skill level 11 in Fighting
 10618 | D:7      | XOM: butterfly on damage
 10666 | D:7      | XOM: divination: detect items
 10865 | D:7      | XOM: scenery: create altars
 10900 | D:7      | XOM: give mutations
 10900 | D:7      | Gained mutation: You are agile. (Dex +4, Str/Int -1) [Xom's
                  | grace]
 10900 | D:7      | Gained mutation: Your movements are slightly less
                  | encumbered by armour. (ER -2) [Xom's grace]
 11060 | D:7      | Found a glowing golden altar of the Shining One.
 11082 | D:7      | XOM: give mutations
 11082 | D:7      | Gained mutation: You expend magic power (3 MP) to
                  | strengthen your wands. [Xom's grace]
 11082 | D:7      | Gained mutation: You are partially covered in iridescent
                  | scales. (AC +2) [Xom's grace]
 11302 | D:7      | XOM is BORED!
 11389 | D:8      | Found a sacrificial altar of Ru.
 11390 | D:8      | Found a sparkling altar of Nemelex Xobeh.
 11391 | D:8      | Found an ornate altar of the Wu Jian Council.
 11407 | D:8      | XOM: stat loss: -1 Str (14/15)
 11521 | D:8      | XOM: noise
 11607 | D:8      | XOM: 2-stop teleportation journey
 11753 | D:8      | XOM: summons 1 hostile demon
 11820 | D:8      | XOM: summons 6 hostile demons
 11958 | D:8      | Found a large runed translucent door.
 11958 | D:8      | Found a large runed translucent door.
 12008 | D:8      | Noticed cforsyth's ghost (novice TrFi)
 12291 | D:9      | Noticed a two-headed ogre
 12299 | D:9      | Killed a two-headed ogre
 12356 | D:9      | XOM: blink monster(s)
 12399 | D:9      | Reached XP level 11. HP: 109/109 MP: 11/11
 12459 | D:9      | Noticed a two-headed ogre
 12464 | D:9      | XOM: cast spell 'Dispersal'
 12469 | D:9      | Killed a two-headed ogre
 12722 | D:9      | XOM: summons 4 hostile shadow creatures
 12792 | D:9      | XOM: scenery: 1 doors open, 2 doors close
 12893 | D:9      | XOM: enchant monster (bad)
 12911 | D:9      | Reached skill level 12 in Fighting
 12915 | D:9      | XOM: divination: detect creatures
 12987 | D:9      | XOM: 4-stop teleportation journey
 13049 | D:9      | XOM: silly message
 13223 | D:10     | Entered Level 10 of the Dungeon
 13242 | D:10     | XOM: potion effect (invisibility)
 13258 | D:10     | XOM: cast spell 'Summon Dragon'
 13410 | D:10     | Noticed a cyclops
 13417 | D:10     | Killed a cyclops
 13423 | D:10     | XOM is BORED!
 13423 | D:10     | XOM: summons 4 hostile shadow creatures
 13616 | D:10     | XOM: fog
 13743 | D:10     | XOM: god gift: kite shield {god gift}
 13857 | D:10     | Noticed DeathPants's ghost (journeyman VSEn)
 13877 | D:10     | Found a runed translucent door.
 13904 | D:10     | Noticed a two-headed ogre
 13912 | D:10     | Killed a two-headed ogre
 13951 | D:10     | XOM: noise
 14104 | D:11     | XOM: noise
 14104 | D:11     | Noticed a manticore
 14167 | D:11     | XOM: potion effect (berserk rage)
 14485 | D:11     | XOM: confuse monster(s)
 14487 | D:11     | XOM: noise
 14594 | D:10     | Reached skill level 13 in Fighting
 14770 | D:11     | XOM: enchant monster (good)
 14773 | D:11     | XOM: summons 9 friendly demons
 14782 | D:11     | Killed a manticore
 14827 | D:11     | Reached XP level 12. HP: 81/122 MP: 12/12
 14831 | D:11     | XOM: summons 2 friendly demons
 15020 | D:11     | Noticed a two-headed ogre
 15032 | D:11     | Killed a two-headed ogre
 15129 | D:11     | XOM: scenery: summon butterflies
 15219 | D:11     | XOM: give mutations
 15219 | D:11     | Gained mutation: You have sharp fingernails. [Xom's grace]
 15219 | D:11     | Gained mutation: You have a beak for a mouth. [Xom's grace]
 15219 | D:11     | Lost mutation: You are weak. (Str -2) [Xom's grace]
 15219 | D:11     | Gained mutation: You are mostly covered in iridescent
                  | scales. (AC +4) [Xom's grace]
 15278 | D:11     | XOM: 6-stop teleportation journey
 15441 | D:11     | XOM: scenery: summon butterflies
 15511 | D:12     | Noticed a boulder beetle
 15512 | D:12     | XOM: cleaving
 15517 | D:12     | Noticed Psyche
 15517 | D:12     | XOM: 7-stop teleportation journey
 15636 | D:12     | XOM: god gift: 697 gold pieces
 15750 | D:12     | Killed Psyche
 15839 | D:12     | Killed a boulder beetle
 15840 | D:12     | Reached skill level 1 in Stealth
 15967 | D:12     | Found a staircase to the Orcish Mines.
 15980 | D:12     | XOM: 2-stop teleportation journey
 16246 | D:12     | Noticed a two-headed ogre
 16251 | D:12     | Killed a two-headed ogre
 16544 | D:12     | Reached skill level 14 in Fighting
 16838 | D:12     | Noticed a boulder beetle
 16854 | D:12     | Killed a boulder beetle
 16962 | D:13     | Noticed a two-headed ogre
 16967 | D:13     | Killed a two-headed ogre
 17063 | D:13     | XOM: smoke on damage
 17104 | D:12     | XOM: give mutations
 17104 | D:12     | Lost mutation: You have sharp fingernails. [Xom's mischief]
 17104 | D:12     | Gained mutation: Potions are less effective at restoring
                  | your health. [Xom's mischief]
 17104 | D:12     | Lost mutation: You are frail. (-10% HP) [Xom's mischief]
 17104 | D:12     | Gained mutation: You occasionally lose the ability to read
                  | scrolls when taking damage. [Xom's mischief]
 17163 | D:13     | Noticed a centaur warrior
 17483 | D:13     | XOM: smoke on damage
 18134 | D:12     | XOM: summons 1 hostile shadow creature
 18322 | D:13     | Killed a centaur warrior
 18532 | D:13     | Noticed a boulder beetle
 18551 | D:13     | Killed a boulder beetle
 18552 | D:13     | Reached XP level 13. HP: 136/148 MP: 13/13
 18672 | D:13     | XOM: silly message
 18775 | D:13     | Identified the +1 leather armour of Ileun {rF- Str+6 Int-4
                  | SInv}
 18781 | D:13     | XOM is BORED!
 18781 | D:13     | XOM: give mutations
 18781 | D:13     | Lost mutation: Your flesh is cold resistant. (rC+) [Xom's
                  | mischief]
 18781 | D:13     | Gained mutation: You are very dopey. (Int -4) [Xom's
                  | mischief]
 18781 | D:13     | Lost mutation: Your movements are slightly less encumbered
                  | by armour. (ER -2) [Xom's mischief]
 18853 | D:13     | Found Zin's Purification Station.
 19022 | D:12     | XOM: give mutations
 19022 | D:12     | Gained mutation: You are frail. (-10% HP) [Xom's mischief]
 19022 | D:12     | Lost mutation: Potions are less effective at restoring your
                  | health. [Xom's mischief]
 19139 | D:13     | Found a glowing silver altar of Zin.
 19148 | D:13     | Bought a potion of curing for 90 gold pieces
 19277 | D:13     | Found Vuwyithi's Weapon Emporium.
 19357 | D:14     | Noticed Rupert
 19357 | D:14     | Found a gate to the Vaults.
 19449 | D:14     | XOM: enchant monster (bad)
 19559 | D:14     | Found a flickering gateway to a bazaar.
 19576 | Bazaar   | XOM: stealth player
 19576 | Bazaar   | Entered a bazaar
 19677 | Bazaar   | Found Kitu's Weapon Boutique.
 19681 | Bazaar   | XOM: give mutations
 19681 | Bazaar   | Lost mutation: You are frail. (-10% HP) [Xom's mischief]
 19681 | Bazaar   | Lost mutation: You occasionally shout uncontrollably at
                  | your foes. [Xom's mischief]
 19681 | Bazaar   | Lost mutation: You expend magic power (3 MP) to strengthen
                  | your wands. [Xom's mischief]
 19681 | Bazaar   | Lost mutation: You have sharp toenails. [Xom's mischief]
 19716 | Bazaar   | XOM: summons 7 hostile demons
 19734 | Bazaar   | XOM: torment (31/148 hp)
 20032 | Bazaar   | Found Laha's Distillery.
 20037 | Bazaar   | Bought a potion of degeneration for 10 gold pieces
 20038 | Bazaar   | XOM: summons 1 hostile demon
 20123 | Bazaar   | Found Bepsu's General Store.
 20128 | Bazaar   | Bought a scroll of teleportation for 42 gold pieces
 20148 | Bazaar   | Found Xirouh's Armour Shoppe.
 20190 | Bazaar   | Found Surchusuge's Weapon Shoppe.
 20215 | Bazaar   | Bought a potion of cancellation for 112 gold pieces
 20215 | Bazaar   | Bought the +0 cloak "Syfatil" {rC+} for 259 gold pieces
 20246 | Bazaar   | Bought a +0 robe of positive energy for 37 gold pieces
 20287 | Bazaar   | XOM: give mutations
 20287 | Bazaar   | Lost mutation: You possess an exceptional clarity of mind.
                  | [Xom's mischief]
 20287 | Bazaar   | Lost mutation: You are very dopey. (Int -4) [Xom's
                  | mischief]
 20287 | Bazaar   | Gained mutation: You are frail. (-10% HP) [Xom's mischief]
 20287 | Bazaar   | Lost mutation: You are agile. (Dex +4, Str/Int -1) [Xom's
                  | mischief]
 20306 | Bazaar   | Bought a potion of mutation for 80 gold pieces
 20306 | Bazaar   | Bought a potion of resistance for 100 gold pieces
 20306 | Bazaar   | Bought a potion of ambrosia for 80 gold pieces
 20306 | Bazaar   | Bought a potion of curing for 30 gold pieces
 20306 | Bazaar   | Bought a potion of cancellation for 80 gold pieces
 20386 | D:14     | XOM: 2-stop teleportation journey
 20389 | D:14     | XOM: silly message
 20472 | D:13     | XOM: god gift: 40 gold pieces
 20594 | D:13     | XOM: god gift: 12 gold pieces
 20598 | D:13     | XOM: summons 7 hostile demons
 20750 | Lair:1   | Entered Level 1 of the Lair of Beasts
 20777 | Lair:1   | XOM: polymorph black mamba -> shapeshifter
 20843 | Lair:1   | XOM: polymorph yak -> hornet
 21030 | Lair:1   | XOM is BORED!
 21030 | Lair:1   | XOM: summons 2 hostile demons
 21099 | Lair:1   | XOM: silly message
 21215 | Lair:1   | Reached skill level 1 in Throwing
 21215 | Lair:1   | Reached skill level 10 in Dodging
 21257 | Lair:1   | Reached skill level 15 in Fighting
 21334 | Lair:1   | Noticed Erica
 21351 | Lair:1   | Killed Erica
 21550 | Lair:1   | Noticed Gastronok
 21567 | Lair:1   | XOM: polymorph quokka -> dart slug
 21578 | Lair:1   | Killed Gastronok
 21789 | Lair:1   | XOM: god gift: large rock
 21804 | Lair:1   | XOM: polymorph yak -> raiju
 21807 | Lair:1   | XOM: divination: detect creatures
 21818 | Lair:1   | Reached skill level 15 in Maces & Flails
 22220 | Lair:2   | XOM: polymorph blink frog -> ogre
 22374 | Lair:2   | XOM: polymorph blink frog -> fire bat
 22414 | Lair:2   | XOM: cleaving
 22516 | Lair:2   | XOM: scenery: summon butterflies
 22530 | Lair:2   | Reached skill level 1 in Evocations
 22537 | Lair:2   | XOM: 2-stop teleportation journey
 22569 | Lair:2   | XOM: god gift: scroll of blinking
 22572 | Lair:2   | XOM: summons friendly shadow imp
 22573 | Lair:2   | XOM: god gift: 1134 gold pieces
 22831 | Lair:2   | XOM: divination: detect items
 22840 | Lair:2   | XOM: confusion (+ monsters)
 22853 | Lair:2   | Reached XP level 14. HP: 72/143 MP: 14/14
 23067 | Lair:2   | XOM: divination: detect creatures
 23547 | Lair:2   | XOM: summons 2 hostile shadow creatures
 23680 | Lair:2   | Found a staircase to the Shoals.
 23807 | Lair:2   | XOM: noise
 23889 | Lair:3   | Noticed Amaemon
 23889 | Lair:3   | Found a bloodstained altar of Trog.
 23996 | Lair:2   | XOM: silly message
 24037 | Lair:2   | Killed Amaemon
 24470 | Lair:3   | Found a staircase to the Snake Pit.
 24647 | Lair:3   | XOM: potion effect (invisibility)
 24854 | Lair:3   | XOM: silly message
 25351 | Lair:4   | XOM: fake destruction
 25367 | Lair:4   | XOM: enchant monster (bad)
 25370 | Lair:4   | XOM: noise
 25380 | Lair:4   | XOM: summons friendly white imp
 25386 | Lair:4   | Reached skill level 16 in Fighting
 25408 | Lair:4   | XOM: polymorph boulder beetle -> ettin
 25753 | Lair:3   | XOM: summons 3 hostile shadow creatures
 25793 | Lair:4   | XOM: 2-stop teleportation journey
 25838 | Lair:4   | XOM: confuse monster(s)
 25846 | Lair:4   | XOM: snakes to sticks
 25857 | Lair:4   | XOM: silly message
 25911 | Lair:4   | XOM: potion effect (invisibility)
 26144 | Lair:4   | Noticed Nessos
 26215 | Lair:1   | XOM: cloud trail
 26282 | D:8      | XOM: noise
 26390 | Orc:1    | Entered Level 1 of the Orcish Mines
 26406 | Orc:1    | XOM: 1-stop teleportation journey
 26470 | Orc:1    | Noticed Urug
 26480 | Orc:1    | XOM: 1-stop teleportation journey
 26546 | Orc:1    | XOM: confuse monster(s)
 26558 | Orc:1    | Reached skill level 5 in Throwing
 26607 | Orc:1    | Killed Urug
 26756 | Orc:1    | Found Coej's Self-Improvement Boutique.
 26756 | Orc:1    | Found Ratampopeo's Assorted Antiques.
 26756 | Orc:1    | XOM: 8-stop teleportation journey
 26769 | Orc:1    | XOM: polymorph orc wizard -> bullfrog
 26898 | Orc:1    | Bought a scroll of teleportation for 117 gold pieces
 26898 | Orc:1    | Bought a scroll of enchant armour for 292 gold pieces
 26898 | Orc:1    | Bought 2 potions of haste for 780 gold pieces
 26900 | Orc:1    | XOM: give mutations
 26900 | Orc:1    | Gained mutation: You are clumsy. (Dex -2) [Xom's mischief]
 26900 | Orc:1    | Lost mutation: You are dopey. (Int -2) [Xom's mischief]
 27262 | Orc:2    | Entered Level 2 of the Orcish Mines
 27268 | Orc:2    | Found Virphamm's Antique Weapon Emporium.
 27352 | Orc:2    | Found Pavy's Jewellery Boutique.
 27365 | Orc:2    | XOM: noise
 27757 | Orc:2    | XOM: confuse monster(s)
 27782 | Orc:1    | XOM: noise
 27784 | Orc:1    | XOM: potion effect (might)
 28001 | D:12     | XOM: god gift: 4 stones
 28145 | Orc:1    | XOM: god gift: 31 gold pieces
 28162 | Orc:2    | XOM: god gift: 251 gold pieces
 28218 | Orc:2    | XOM: enchant monster (bad)
 28346 | Orc:2    | XOM: swap monsters
 28407 | Orc:2    | XOM: noise
 28413 | Orc:2    | XOM: blink monster(s)
 28544 | Orc:2    | XOM: chaos cloud
 28546 | Orc:2    | Noticed an orc warlord
 28552 | Orc:2    | Reached XP level 15. HP: 142/153 MP: 15/15
 28552 | Orc:2    | XOM: enchant monster (bad)
 28555 | Orc:2    | XOM: summons 3 hostile demons
 28571 | Orc:2    | XOM: noise
 28573 | Orc:2    | XOM: potion effect (haste)
 28609 | Orc:2    | Killed an orc warlord
 28667 | Orc:2    | XOM: god gift: war axe {god gift}
 28699 | Orc:2    | XOM: enchant monster (good)
 28753 | Orc:2    | Killed an orc warlord
 28840 | Orc:2    | XOM: cloud trail
 28898 | Orc:2    | XOM: summons friendly iron imp
 28940 | Orc:2    | XOM: confuse monster(s)
 28963 | Orc:2    | Found Jyuloru's Jewellery Shoppe.
 28967 | Orc:2    | Bought a +6 ring of dexterity for 612 gold pieces
 28967 | Orc:2    | Bought an amulet of regeneration for 510 gold pieces
 29029 | Orc:2    | Found Peostrid's Jewellery Boutique.
 29029 | Orc:2    | Found Guditisa's Jewellery Shoppe.
 29109 | Orc:2    | XOM: polymorph orc -> dart slug
 29133 | Orc:2    | Found a staircase to the Elven Halls.
 29414 | Orc:2    | XOM: polymorph orc warrior -> steam dragon
 29478 | Orc:2    | XOM: confusion (+ monsters)
 29628 | D:8      | XOM: stat loss: -1 Int (12/13)
 29759 | Lair:5   | Entered Level 5 of the Lair of Beasts
 29978 | Lair:4   | XOM: destruction
 29991 | Lair:4   | Killed Nessos
 30066 | Lair:4   | XOM: 3-stop teleportation journey
 30415 | Lair:4   | XOM: give mutation
 30415 | Lair:4   | Lost mutation: You have a beak for a mouth. [Xom's
                  | mischief]
 30574 | Lair:4   | XOM: give mutations
 30574 | Lair:4   | Lost mutation: You are clumsy. (Dex -2) [Xom's grace]
 30574 | Lair:4   | Gained mutation: You are agile. (Dex +4, Str/Int -1) [Xom's
                  | grace]
 30574 | Lair:4   | Gained mutation: You have an increased reservoir of magic.
                  | (+10% MP) [Xom's grace]
 30574 | Lair:4   | Gained mutation: You have large cloven feet. [Xom's grace]
 30711 | Lair:5   | Reached skill level 17 in Fighting
 30718 | Lair:5   | XOM: scenery: create altars
 30724 | Lair:5   | XOM: god gift: notched sapphire ring {god gift}
 30804 | Lair:4   | XOM: god gift: 34 gold pieces
 30894 | Lair:4   | XOM: cloud trail
 31003 | Lair:5   | XOM: give mutations
 31003 | Lair:5   | Lost mutation: You have large cloven feet. [Xom's grace]
 31003 | Lair:5   | Gained mutation: You have sharp toenails. [Xom's grace]
 31003 | Lair:5   | Gained mutation: You are completely covered in iridescent
                  | scales. (AC +6) [Xom's grace]
 31003 | Lair:5   | Gained mutation: Your natural rate of healing is unusually
                  | fast. [Xom's grace]
 31144 | Lair:5   | XOM: scenery: create altars
 31146 | Lair:5   | XOM: divine lightning
 31310 | Lair:5   | XOM is BORED!
 31310 | Lair:5   | XOM: give mutations
 31310 | Lair:5   | Lost mutation: Your natural rate of healing is unusually
                  | fast. [Xom's mischief]
 31310 | Lair:5   | Lost mutation: You are completely covered in iridescent
                  | scales. (AC +6) [Xom's mischief]
 31310 | Lair:5   | Gained mutation: You are weak. (Str -2) [Xom's mischief]
 31351 | Lair:5   | Found a staircase to the Slime Pits.
 31352 | Lair:5   | Found a viscous altar of Jiyva.
 31352 | Lair:5   | XOM: blink monster(s)
 31378 | Lair:5   | XOM: scenery: create altars
 31395 | Lair:5   | XOM: summons 2 friendly demons
 32038 | Lair:5   | XOM: cleaving
 32087 | Lair:5   | XOM: snakes to sticks
 32112 | Lair:5   | XOM: divination: detect creatures
 32125 | Lair:5   | XOM: enchant monster (good)
 32128 | Lair:5   | XOM: confuse monster(s)
 32135 | Lair:5   | XOM: give mutation
 32135 | Lair:5   | Gained mutation: You have a pair of small horns on your
                  | head. [Xom's grace]
 32146 | Lair:5   | XOM: summons 7 friendly demons
 32471 | Lair:5   | XOM: summons friendly quasit
 32837 | Lair:5   | XOM: fog
 33333 | D:14     | XOM: god gift: 4 stones
 33350 | D:14     | XOM: scenery: 1 doors open
 33356 | D:14     | Found an ancient bone altar of Kikubaaqudgha.
 33368 | D:14     | XOM: give mutations
 33368 | D:14     | Gained mutation: You expend magic power (3 MP) to
                  | strengthen your wands. [Xom's grace]
 33368 | D:14     | Gained mutation: Your mind is acute. (Int +4, Str/Dex -1)
                  | [Xom's grace]
 33449 | D:14     | XOM: divination: detect items
 33452 | D:14     | Reached skill level 5 in Stealth
 33505 | D:14     | XOM: potion effect (heal wounds)
 33520 | D:14     | XOM: 3-stop teleportation journey
 33607 | D:14     | XOM: 3-stop teleportation journey
 33608 | D:14     | XOM: summons 4 friendly demons
 33662 | D:14     | Reached XP level 16. HP: 166/166 MP: 17/17
 33678 | D:14     | XOM: blink monster(s)
 33689 | D:14     | XOM: butterfly on damage
 34116 | D:14     | XOM: scenery: 3 doors close
 34121 | D:14     | XOM: divination: magic mapping
 34211 | D:14     | XOM: scenery: 2 doors open, 1 doors close
 34336 | D:14     | XOM: 1-stop teleportation journey
 34449 | D:14     | XOM: scenery: 1 doors close
 34469 | D:14     | XOM: divination: detect items
 34497 | D:14     | Killed Rupert
 34498 | D:14     | XOM: fog
 34506 | D:14     | XOM: silly message
 34824 | D:14     | XOM: silly message
 34873 | D:14     | Reached skill level 18 in Fighting
 35117 | D:14     | XOM: swap monsters
 35120 | D:14     | XOM: summons friendly shadow imp
 35124 | D:14     | XOM: blink monster(s)
 35393 | D:14     | XOM: swap monsters
 36255 | D:14     | XOM: summons 2 hostile shadow creatures
 36566 | D:14     | XOM: give mutations
 36566 | D:14     | Lost mutation: You have an increased reservoir of magic.
                  | (+10% MP) [Xom's mischief]
 36566 | D:14     | Lost mutation: You are mostly covered in iridescent scales.
                  | (AC +4) [Xom's mischief]
 37049 | D:14     | XOM: noise
 37052 | D:14     | XOM: give mutations
 37052 | D:14     | Lost mutation: You are agile. (Dex +4, Str/Int -1) [Xom's
                  | mischief]
 37052 | D:14     | Gained mutation: Armour fits poorly on your strangely
                  | shaped body. [Xom's mischief]
 37052 | D:14     | Lost mutation: Your mind is acute. (Int +4, Str/Dex -1)
                  | [Xom's mischief]
 37254 | D:13     | XOM: summons 4 hostile demons
 37260 | D:13     | XOM: summons 3 hostile demons
 37328 | D:12     | XOM: god gift: Xom's Compilation of the Gardener {god gift}
 37331 | D:12     | Got Xom's Compilation of the Gardener {god gift}
 37917 | D:15     | Entered Level 15 of the Dungeon
 37929 | D:15     | XOM: summons 9 friendly demons
 37940 | D:15     | XOM: enchant monster (good)
 37994 | D:14     | XOM: summons 1 hostile demon
 38066 | D:15     | XOM: destruction
 38072 | D:14     | XOM: give mutations
 38072 | D:14     | Gained mutation: You have very sharp teeth. [Xom's grace]
 38072 | D:14     | Gained mutation: You have a pair of horns on your head.
                  | [Xom's grace]
 38227 | D:15     | XOM: confuse monster(s)
 38232 | D:15     | XOM: enchant monster (good)
 38382 | D:14     | XOM: god gift: Xom's Codex of Nihilism {god gift}
 38385 | D:14     | Got Xom's Codex of Nihilism {god gift}
 38548 | D:15     | Found an ancient bone altar of Kikubaaqudgha.
 38573 | D:15     | XOM: polymorph efreet -> apocalypse crab
 38676 | D:15     | XOM: summons 14 friendly demons
 38884 | D:15     | XOM: noise
 39342 | D:15     | XOM: confusion (+ monsters)
 39361 | D:15     | XOM: blink monster(s)
 39364 | D:15     | XOM: polymorph large slime creature -> alligator
 39374 | D:15     | XOM: 1-stop teleportation journey
 39552 | D:15     | XOM: blink monster(s)
 39558 | D:15     | XOM: enchant monster (bad)
 39564 | D:15     | XOM: enchant monster (bad)
 39649 | D:15     | XOM: 1-stop teleportation journey
 39736 | D:15     | Identified the +0 falchion "Mahaym" {elec, rElec rC+}
 39744 | D:15     | XOM: draining
 39834 | D:15     | Found a staircase to the Depths.
 39837 | D:15     | XOM: god gift: potion of flight
 39911 | D:13     | XOM: summons 1 hostile demon
 39972 | Orc:2    | Bought a ring of poison resistance for 260 gold pieces
 39983 | Orc:2    | XOM: give mutation
 39983 | Orc:2    | Lost mutation: You are weak. (Str -2) [Xom's mischief]
 40196 | Lair:1   | XOM is BORED!
 40203 | Lair:2   | XOM: god gift: 7 stones
 40242 | Snake:1  | XOM: noise
 40242 | Snake:1  | Entered Level 1 of the Snake Pit
 40256 | Lair:3   | XOM: give mutations
 40256 | Lair:3   | Lost mutation: You expend magic power (3 MP) to strengthen
                  | your wands. [Xom's mischief]
 40256 | Lair:3   | Lost mutation: You occasionally lose the ability to read
                  | scrolls when taking damage. [Xom's mischief]
 40352 | Snake:1  | XOM: enchant monster (good)
 40558 | Snake:1  | Noticed Agnes
 40565 | Snake:1  | XOM: potion effect (might)
 40771 | Snake:1  | XOM: cast spell 'Death Channel'
 40773 | Snake:1  | Killed Agnes
 40848 | Snake:1  | XOM: swap monsters
 40983 | Snake:1  | Found Zuiziebb's Overcharged Wands.
 41005 | Snake:1  | Found a snail-covered altar of Cheibriados.
 41075 | Snake:1  | XOM: scenery: summon butterflies
 41091 | Snake:1  | XOM: divination: detect creatures
 41334 | Snake:1  | XOM: silly message
 41610 | Snake:2  | XOM: divination: magic mapping
 41689 | Snake:2  | Noticed a nagaraja
 41696 | Snake:2  | Killed a nagaraja
 41697 | Snake:2  | Reached skill level 19 in Fighting
 41844 | Snake:2  | XOM: silly message
 41870 | Snake:2  | XOM: divination: magic mapping
 42155 | Snake:2  | Reached XP level 17. HP: 139/178 MP: 17/17
 42161 | Snake:2  | XOM: potion effect (brilliance)
 42163 | Snake:2  | XOM: silly message
 42278 | Snake:2  | XOM: divination: magic mapping
 42319 | Snake:2  | XOM: potion effect (haste)
 42357 | Snake:2  | XOM: scenery: create altars
 42371 | Snake:2  | XOM: smoke on damage
 42400 | Snake:2  | Noticed Aizul
 42402 | Snake:2  | XOM: enchant monster (good)
 42409 | Snake:2  | XOM: cast spell 'Chain of Chaos'
 43211 | D:2      | Bought a scroll of brand weapon for 123 gold pieces
 43223 | D:2      | XOM: polymorph rat -> gnoll
 43488 | Snake:2  | XOM: snakes to sticks
 43496 | Snake:2  | XOM: chaos upgrade
 43507 | Snake:2  | HP: 8/178 [poisoned by Aizul (bolt of poison)]
 43514 | Snake:2  | Slain by a salamander mystic

Illustrated notes

Levels and vault maps discovered:
D:1:      scummos_arrival_checkerplants, layout_basic,
          ebering_ecumenical_altar_sacrificial
D:2:      layout_basic, serial_shops, nicolae_shop_hallway_plus,
          serial_bayou_lake_a
D:3:      layout_basic, nicolae_overflow_crystal_walls
D:4:      kennysheep_goblin_castle, layout_loops_corners,
          overflow_temple_1_default, slow_altar_1
D:5:      layout_rooms, mainiacjoe_overflow_paths, minmay_temple_entry_poolview,
          minivault_27, hangedman_decor_peaks_small, uniq_menkaure
D:6:      layout_rooms, lemuel_coloured_pillars_altar, uniq_crazy_yiuf_cottage,
          uniq_maggie, uniq_prince_ribbit1
D:7:      layout_basic, mainiacjoe_overflow_24_doors, old_standard_altar,
          uniq_pikel
D:8:      kennysheep_spiral_hall, layout_basic, minitemple, lair_entry_dummy,
          ebering_ghost_disaster_area
D:9:      layout_roguey
D:10:     layout_basic, hellmonk_ghost_big_iron
D:11:     layout_cave_pools, minmay_misc_feat_cross
D:12:     layout_loops_corners, orc_0_dummy, uniq_psyche
D:13:     layout_gridville, serial_shops, nicolae_shop_behind_doors, zin_purify
D:14:     cheibrodos_tormentor_scu, layout_loops_corners, david_vaults_3,
          kiku_gazebo_pond_becter, serial_shops, bzr_entry_dummy
D:15:     gammafunk_enter_depths_forms, layout_cave_pools, lemuel_round_altar,
          chequers_serial_rivers_small_a, minmay_fire_ice_demons
Lair:1:   layout_chaotic_city, uniq_gastronok, uniq_erica
Lair:2:   layout_loops_ring, minmay_shoals_entry_hut, grunt_megastairs_1
Lair:3:   layout_small_grid, dummy_snake_entry, basic_altar, uniq_amaemon
Lair:4:   beast_lair_carwin_large_4, layout_loops_ring, minivault_27,
          uniq_nessos
Lair:5:   minmay_lair_end_enchanted_forest, layout_cave_pods, slime_entry_1
Snake:1:  layout_layer_cave, basic_altar, nicolae_shop_overcharged_wands,
          uniq_agnes
Snake:2:  layout_rooms, drop_trap, chequers_hall_statues_y, grunt_megastairs_3,
          uniq_aizul
Orc:1:    layout_diamond_mine, serial_shops, nicolae_shop_overgrown_old_shop,
          nicolae_shop_self_help, uniq_urug
Orc:2:    st_orc_town, layout_caves, serial_shops, shop, elf_legates

Skill      XL: |  1  2  3  4  5  6  7  8  9 10 11 12 13 14 15 16 |
---------------+-------------------------------------------------+-----
Maces & Flails | 3 4 5 6 8 9 11 12 14 15 16 17 18 | 18.1
Fighting       | 5 6 7 8 10 11 13 14 15 16 17 19 | 19.4
Dodging        | 3 4 5 7 8 9 10 11 12 13 | 13.5
Stealth        | 3 4 5 6 |  6.0
Throwing       | 3 5 7 |  7.7
Evocations     | 1 3 |  3.6

Action                   |  1- 3 |  4- 6 |  7- 9 | 10-12 | 13-15 | 16-18 || total
-------------------------+-------+-------+-------+-------+-------+-------++-------
Melee: Mace              |    49 |   219 |    30 |       |       |       ||   298
       Punch             |     2 |     3 |     7 |       |       |       ||    12
       Flail             |       |       |   309 |       |       |       ||   309
       Giant club        |       |       |    47 |   207 |   498 |   464 ||  1216
       Kick              |       |       |     8 |   186 |   153 |   186 ||   533
       Dire flail        |       |       |       |   379 |   702 |       ||  1081
       Peck              |       |       |       |    49 |   237 |       ||   286
       Headbutt          |       |       |       |       |    22 |   134 ||   156
       Bite              |       |       |       |       |       |    56 ||    56
Throw: Stone             |       |     2 |       |     3 |       |       ||     5
       Large rock        |       |       |       |       |       |     9 ||     9
Evoke: Lightning rod     |       |     3 |     6 |     4 |     9 |     6 ||    28
       Piece from Xom's  |       |     1 |     3 |     4 |       |     5 ||    13
       Wand              |       |       |     5 |     4 |     8 |       ||    17
       Phantom mirror    |       |       |       |       |     1 |     1 ||     2
  Use: Scroll            |       |     2 |     9 |    13 |    15 |     8 ||    47
       Potion            |       |     2 |       |     3 |     9 |    11 ||    25
 Stab: Invisible         |     2 |     1 |       |     5 |     8 |       ||    16
       Sleeping          |       |     5 |     1 |     3 |    17 |     4 ||    30
       Distracted        |       |     1 |       |     2 |     7 |     4 ||    14
       Paralysed         |       |     1 |       |       |       |     2 ||     3
       Confused          |       |       |     3 |       |     3 |     7 ||    13
       Petrified         |       |       |     5 |       |     3 |       ||     8
Armor: Robe              |    24 |    87 |   199 |   143 |   272 |    78 ||   803
Dodge: Dodged            |    30 |   115 |   223 |   374 |   761 |   330 ||  1833
Block: Other             |       |       |       |    48 |   206 |   101 ||   355
       Reflection        |       |       |       |     8 |    14 |    16 ||    38

Table legend: (Time is in decaauts)
 A = Elapsed time spent in this place.
 B = Non-inter-level travel time spent in this place.
 C = Inter-level travel time spent in this place.
 D = Time resting spent in this place.
 E = Time spent auto-exploring this place.
 F = Levels seen in this place.
 G = Mean time per level.
                   A        B        C        D        E       F      G
               +--------+--------+--------+--------+--------+-----+--------+
         Total |  42888 |  39985 |   2903 |  15463 |  16696 |  25 | 1715.5 |
       Dungeon |  27600 |  25679 |   1921 |  11169 |   9646 |  15 | 1840.0 |
          Lair |   9175 |   8472 |    703 |   2757 |   4216 |   5 | 1835.0 |
     Snake Pit |   2447 |   2338 |    109 |    693 |   1148 |   2 | 1223.5 |
  Orcish Mines |   2902 |   2734 |    168 |    572 |   1368 |   2 | 1451.0 |
        Bazaar |    762 |    762 |      0 |    272 |    318 |   1 |  762.0 |
               +--------+--------+--------+--------+--------+-----+--------+

Top non-repeatable levels by time:
    D:14: 4089 daAuts
    D:12: 3783 daAuts
     D:4: 2140 daAuts
    D:13: 1992 daAuts
     D:8: 1962 daAuts
  Lair:2: 1919 daAuts
  Lair:3: 1882 daAuts
  Lair:5: 1836 daAuts
  Lair:4: 1820 daAuts
     D:5: 1810 daAuts
  Lair:1: 1716 daAuts
     D:6: 1668 daAuts
     D:7: 1604 daAuts
     D:3: 1587 daAuts
 Snake:1: 1582 daAuts
